 Dungeon Crawl Stone Soup version 0.28-a0-1493-g08698888e4 (webtiles) character file.

Game seed: 13633690919379529634

98 kae the Ruffian (level 4, 0/41 HPs)
             Began as a Troll Transmuter on Jan 12, 2022.
             Succumbed to a gnoll's poison
             ... on level 3 of the Dungeon.
             The game lasted 00:00:51 (1397 turns).

kae the Ruffian (Troll Transmuter)                  Turns: 1397, Time: 00:00:52

Health: 0/41       AC:  4    Str: 18    XL:     4   Next: 44%
Magic:  5/5        EV:  9    Int: 11    God:
Gold:   57         SH:  0    Dex: 10    Spells: 2/6 levels left

rFire   . . .      SeeInvis .     - Unarmed
rCold   . . .      Faith    .   (no shield)
rNeg    . . .      Spirit   .   a - +0 robe
rPois   .          Reflect  .   (helmet restricted)
rElec   .          Harm     .   (no cloak)
rCorr   .          Rampage  .   (gloves unavailable)
Will    .....                   (boots unavailable)
Stlth   ..........              (no amulet)
HPRegen 0.93/turn               (no ring)
MPRegen 0.09/turn               (no ring)

@: lethally poisoned (0 -> -19), silenced
A: large, unfitting armour, claws 3, regeneration 1, shaggy fur 1, tough skin 1
a: no special abilities


You were on level 3 of the Dungeon.
You visited 1 branch of the dungeon, and saw 3 of its levels.

You collected 57 gold pieces.

Inventory:

Armour
 a - a +0 robe (worn)
Jewellery
 b - an amulet of the acrobat
Potions
 e - a potion of degeneration


   Skills:
 + Level 1.4 Fighting
 - Level 1.5 Dodging
 * Level 3.7 Unarmed Combat
 + Level 1.6 Spellcasting
 * Level 2.2 Transmutations
 * Level 0.8 Poison Magic


You had 2 spell levels left.
You knew the following spells:

 Your Spells              Type           Power      Damage    Failure   Level
a - Beastly Appendage     Tmut           10%        N/A       12%         1
b - Spider Form           Tmut/Pois      4%         N/A       43%         3

Your spell library contained the following spells:

 Spells                   Type           Power      Damage    Failure   Level
 Wereblood                Tmut           5%         N/A       19%         2
 Ice Form                 Ice/Tmut       3%         N/A       88%         4


Dungeon Overview and Level Annotations

Branches:
Dungeon (2/15)

Altars:


Innate Abilities, Weirdness & Mutations

You are too large for most types of armour.
You have claws for hands.
Your natural rate of healing is unusually fast.
You are covered in fur. (AC +1)
You have tough skin. (AC +1)


Message History

e - a potion of degeneration The gnoll hits you from afar with a +2 spear of venom.
You are poisoned.
The gnoll hits you but does no damage.
As you read the scroll labelled DAFOESKINEDGH, it crumbles to dust.
A profound silence engulfs you.
It was a scroll of silence.
You feel sick. The gnoll completely misses you. The gnoll closely misses you.
You scratch the gnoll.
The gnoll is lightly wounded.
You feel sick.
You barely miss the gnoll.
The gnoll is lightly wounded.
You feel sick.
The gnoll hits you from afar with a +2 spear of venom.
You are more poisoned.
The gnoll closely misses you.
You claw the gnoll!
You kill the gnoll!
You feel very sick. The gnoll hits you but does no damage.
You are more poisoned.
The gnoll hits you with a +0 flail.
You feel very sick. The gnoll barely misses you.
You see here a +0 halberd.
You scratch the gnoll.
The gnoll is lightly wounded.
You feel very sick. The gnoll closely misses you.
The gnoll hits you from afar with a +2 spear of venom.
You scratch the gnoll but do no damage.
The gnoll is lightly wounded.
You feel very sick. The gnoll barely misses you.
The gnoll hits you from afar with a +2 spear of venom.
* * * LOW HITPOINT WARNING * * *
You are lethally poisoned!
You claw the gnoll!
The gnoll is almost dead.
You die...

###
####+##@#
......g.#
###....g#
#.....#
#......
##+####


You could see 2 gnolls.

Vanquished Creatures
  Terence (D:2)
  2 adders (D:2)
  A gnoll (D:3)
  2 worms
  A dart slug (D:1)
  2 ball pythons (D:1)
  4 bats (D:1)
  6 endoplasms
  5 giant cockroaches
  3 goblins
  2 hobgoblins
  A kobold (D:2)
  A quokka (D:2)
  3 frilled lizards
  2 rats (D:1)
36 creatures vanquished.

Notes
Turn   | Place    | Note
-------+----------+-------------------------------------------
     0 | D:1      | kae the Troll Transmuter began the quest for the Orb.
     0 | D:1      | Reached XP level 1. HP: 18/18 MP: 1/1
   299 | D:1      | Reached skill level 1 in Fighting
   299 | D:1      | Reached XP level 2. HP: 27/27 MP: 0/2
   384 | D:1      | Found a faded altar of an unknown god.
   792 | D:1      | Reached XP level 3. HP: 33/33 MP: 2/4
   796 | D:1      | Learned a level 3 spell: Spider Form
  1081 | D:2      | Noticed Terence
  1092 | D:2      | Killed Terence
  1093 | D:2      | Reached XP level 4. HP: 37/41 MP: 0/5
  1388 | D:2      | You fall into a shaft and drop 1 floor!
  1397 | D:3      | Succumbed to a gnoll's poison

Illustrated notes

Levels and vault maps discovered:
D:1:      lightli_arrival_farm, layout_loops_ring,
          hellmonk_ecumenical_altar_lost_god, nicolae_wormholes
D:2:      layout_loops_cross, serial_bayou_pond_e, kennysheep_generic_room_4,
          uniq_terence
D:3:      layout_basic, nemelex_xobeh_ov_fountains_minmay, lemuel_round_altar,
          serial_shops, nicolae_shop_hallway_plus, serial_co_window_serial,
          co_window_paths_a, co_window_corner_a, co_window_paths_a,
          co_window_corner_a, co_window_paths_a, co_window_paths_a,
          co_window_unsneaky_path_e, co_window_2corner, co_window_broadway_b,
          co_window_broadway_c, co_window_corner_cb, glass_columns_c,
          glass_columns_a, glass_columns_b, glass_columns_c, glass_columns_b,
          minmay_misc_feat_encased

Skill      XL: |  1  2  3 |
---------------+----------+-----
Fighting       | 1 |  1.4
Transmutations | 2 |  2.2
Dodging        | |  1.5
Unarmed Combat | |  3.7
Spellcasting   | |  1.6
Poison Magic   | |  0.8

Action                   |  1- 3 |  4- 6 || total
-------------------------+-------+-------++-------
Melee: Unarmed           |    67 |    25 ||    92
       Headbutt          |     4 |       ||     4
       Kick              |     5 |     2 ||     7
       Punch             |     1 |       ||     1
 Cast: Beastly Appendage |    18 |     3 ||    21
  Use: Scroll            |       |     2 ||     2
 Stab: Sleeping          |     1 |       ||     1
Armor: Robe              |    36 |     4 ||    40
Dodge: Dodged            |    44 |    12 ||    56

Table legend: (Time is in decaauts)
 A = Elapsed time spent in this place.
 B = Non-inter-level travel time spent in this place.
 C = Inter-level travel time spent in this place.
 D = Time resting spent in this place.
 E = Time spent auto-exploring this place.
 F = Levels seen in this place.
 G = Mean time per level.
                   A        B        C        D        E       F      G
               +--------+--------+--------+--------+--------+-----+--------+
         Total |   1409 |   1368 |     41 |      0 |   1121 |   3 |  469.7 |
       Dungeon |   1409 |   1368 |     41 |      0 |   1121 |   3 |  469.7 |
               +--------+--------+--------+--------+--------+-----+--------+

Top non-repeatable levels by time:
     D:1: 982 daAuts
     D:2: 419 daAuts
     D:3: 8 daAuts
